 Dungeon Crawl Stone Soup version 0.20-a0-4-gd166d5d (webtiles) character file.

25 sveltemanboy the Poker (level 2, -1/22 HPs)
             Began as a Demonspawn Gladiator on Oct 31, 2016.
             Splashed by a jelly's acid (8 damage)
             ... on level 2 of the Dungeon.
             The game lasted 00:02:21 (1273 turns).

sveltemanboy the Poker (Demonspawn Gladiator)       Turns: 1273, Time: 00:02:22

Health: -1/22      AC:  2    Str: 15    XL:     2   Next: 86%
Magic:  2/2        EV: 12    Int:  9    God:
Gold:   41         SH:  0    Dex: 13    Spells: 0 memorised, 1 level left

rFire  . . .     SeeInvis .     a - +0 trident
rCold  . . .     Gourm    .     b - +0 leather armour
rNeg   . . .     Faith    .     (no shield)
rPois  .         Spirit   .     c - +0 helmet
rElec  .         Reflect  .     (no cloak)
rCorr  .         Harm     .     (no gloves)
MR     .....                    (no boots)
Stlth  +.........               (no amulet)
                                (no ring)
                                (no ring)

@: corroded
A: molten scales 1
a: no special abilities


You were on level 2 of the Dungeon.
You were not hungry.

You visited 1 branch of the dungeon, and saw 3 of its levels.

You collected 41 gold pieces.

Inventory:

Hand Weapons
 a - a +0 trident (weapon)
Missiles
 d - 3 throwing nets (quivered)
Armour
 b - a +0 leather armour (worn)
 c - a +0 helmet (worn)
Jewellery
 p - a cursed ring of loudness {unknown}
Scrolls
 h - a scroll of teleportation {unknown}
 l - 2 scrolls of identify {unknown}
 m - a scroll of recharging {unknown}
 n - a scroll of remove curse {unknown}
 q - a scroll of amnesia {unknown}
Potions
 e - a potion of mutation {unknown}
 g - a potion of berserk rage {unknown}
 i - 2 potions of curing {unknown}
 j - a potion of haste {unknown}
 o - a potion of flight {unknown}
 r - a potion of might {unknown}
Comestibles
 f - a bread ration
 k - a meat ration


   Skills:
 - Level 2.0 Fighting
 * Level 3.2 Polearms
 - Level 1.7 Throwing
 + Level 1.2 Armour
 + Level 2.9 Dodging


You had one spell level left.
You didn't know any spells.

Dungeon Overview and Level Annotations

Branches:
Dungeon (3/15)

Altars:


Innate Abilities, Weirdness & Mutations

You are partially covered in molten scales. (AC +2)


Message History

The goblin barely misses you.
You completely miss the jelly. The frilled lizard bites you.
The jelly hits you but does no damage. The goblin hits you with a club.
You hit the jelly.
Your hands burn!
The jelly is lightly wounded.
The frilled lizard bites you but does no damage.
The jelly hits you but does no damage. The goblin hits you with a club.
The goblin barely misses you.
Things that are here:
a morningstar; a leather armour
There is a stone staircase leading up here.
The jelly barely misses you. The frilled lizard bites you.
You climb upwards.
The kobold shouts!
Found a scroll labeled YXKOV JAUMP.
There is a stone staircase leading down here.
You hit the jelly. The acid corrodes you!
Your hands burn!
The jelly is moderately wounded.
The jelly hits you.
You are splashed with acid!
The acid burns!
You die...

...........
#.......... .# .#
#..!.......# .###.
#.........##.... #
#....##........#.#
#....##.#.# .K.?.
#.........# ...#
#....##.#.##...#
#.......#.@Jl..#
###.#.###.##...#
######.#.....######
#...............
#.####....######
#..........
#<#....###.#
#.#......#
#.........#.#


You could see a jelly and a frilled lizard.

Vanquished Creatures
  A dart slug (D:1)
  An orc (D:3)
  3 bats (D:1)
  6 goblins
  A hobgoblin (D:2)
  3 frilled lizards (D:1)
  6 kobolds (D:1)
  2 rats (D:1)
23 creatures vanquished.

Notes
Turn   | Place    | Note
-------+----------+-------------------------------------------
     0 | D:1      | sveltemanboy the Demonspawn Gladiator began the quest for the Orb.
     0 | D:1      | Reached XP level 1. HP: 16/16 MP: 1/1
   587 | D:1      | Reached skill level 1 in Armour
   588 | D:1      | Gained mutation: You are partially covered in molten scales. (AC +2) [demonic ancestry]
   588 | D:1      | Reached XP level 2. HP: 17/22 MP: 2/2
   799 | D:1      | Reached skill level 3 in Polearms
  1259 | D:2      | You fall through a shaft!
  1273 | D:2      | Splashed by a jelly's acid

Vault maps used:
D:1:      dpeg_arrival_radiant, minmay_misc_feat_cross
D:2:      lemuel_blue_sif_altar, uniq_robin
D:3:      regret_index_temple_of_mockery

Skill      XL: |  1  2 |
---------------+-------+-----
Armour         | 1 |  1.2
Polearms       | 3 |  3.2
Fighting       | |  2.0
Throwing       | |  1.7
Dodging        | |  2.9

Action                   || total
-------------------------++-------
Melee: Trident           ||    79
 Stab: Sleeping          ||     2
  Eat: Chunk             ||     1
Armor: Leather armour    ||    15
Dodge: Dodged            ||    48
